 Dungeon Crawl Stone Soup version 0.23-a0-650-ga4d50d4 (webtiles) character file.

62 galech the Skirmisher (level 3, 0/29 HPs)
             Began as a Demonspawn Fighter on Jan 4, 2019.
             Succumbed to an adder's poison
             ... on level 2 of the Dungeon.
             The game lasted 00:01:38 (1348 turns).

galech the Skirmisher (Demonspawn Fighter)          Turns: 1348, Time: 00:01:39

Health: 0/29       AC:  4    Str: 16    XL:     3   Next: 85%
Magic:  0/3        EV:  8    Int:  9    God:
Gold:   33         SH:  9    Dex: 13    Spells: 2/2 levels left

rFire    . . .     SeeInvis .   a - +0 war axe
rCold    . . .     Gourm    .   c - +0 shield
rNeg     . . .     Faith    .   j - +0 leather armour (curse)
rPois    .         Spirit   +   (no helmet)
rElec    .         Reflect  .   k - +0 cloak
rCorr    .         Harm     .   (no gloves)
MR       .....                  (no boots)
Stlth    +.........             (no amulet)
HPRegen  0.09/turn              (no ring)
MPRegen  0.08/turn              (no ring)

@: lethally poisoned (0 -> -6)
A: powered by death 1, magic shield
a: no special abilities


You were on level 2 of the Dungeon.
You were hungry.

You visited 1 branch of the dungeon, and saw 2 of its levels.

You collected 33 gold pieces.

Inventory:

Hand Weapons
 a - a +0 war axe (weapon)
Armour
 b - a +0 scale mail
 c - a +0 shield (worn)
 j - a cursed +0 leather armour (worn)
 k - a +0 cloak (worn)
Jewellery
 m - an uncursed amulet of guardian spirit {unknown}
Scrolls
 g - a scroll of immolation {unknown}
 h - a scroll of noise {unknown}
 l - a scroll of teleportation {unknown}
 n - a scroll of blinking {unknown}
 o - a scroll of magic mapping {unknown}
Potions
 d - a potion of might
 e - a potion of haste
Comestibles
 f - 3 rations
 p - 10 chunks of flesh


   Skills:
 + Level 3.4 Fighting
 + Level 2.4 Axes
 + Level 3.1 Armour
 + Level 0.2 Dodging
 + Level 0.1 Stealth
 + Level 3.1 Shields


You had 2 spell levels left.
You didn't know any spells.
Your spell library was empty.

Dungeon Overview and Level Annotations

Branches:
Dungeon (2/15)

Altars:


Innate Abilities, Weirdness & Mutations

You regenerate a little health from kills.
When hurt, damage is shared between your health and your magic reserves.


Message History

The adder is moderately wounded.
You feel sick. The adder misses you. You block the adder's attack.
You closely miss the adder.
The adder is moderately wounded.
The adder bites you.
You are lethally poisoned!
The adder poisons you! The adder bites you.
* * * LOW HITPOINT WARNING * * *
You closely miss the adder.
The adder is moderately wounded.
* * * LOW HITPOINT WARNING * * *
You feel sick. You block the adder's attack. x2
You closely miss the adder.
The adder is moderately wounded.
* * * LOW HITPOINT WARNING * * *
You feel sick. You block the adder's attack. The adder bites you.
* * * LOW HITPOINT WARNING * * *
You barely miss the adder.
The adder is moderately wounded.
You die...

#.#.#...######.###.########
#.#............# #.#
.#.###.########## #.#
................> #.#
.#...#.########## #.#
#...#.# #.# #.. #.# #.# ###
#.# ######.# #.# #bS@...#
#.# #.######
#.#......b)....#
#<#............#
###............#
.............#
#.....$......#
#####........# #........#


You could see an adder and a bat.

Vanquished Creatures
  A worker ant (D:2)
  2 worms (D:2)
  A ball python (D:2)
  3 bats (D:1)
  5 giant cockroaches
  5 goblins
  4 hobgoblins
  A quokka (D:2)
  4 frilled lizards
  2 kobolds (D:1)
  A rat (D:1)
29 creatures vanquished.

Notes
Turn   | Place    | Note
-------+----------+-------------------------------------------
     0 | D:1      | galech the Demonspawn Fighter began the quest for the Orb.
     0 | D:1      | Reached XP level 1. HP: 18/18 MP: 1/1
   198 | D:1      | Gained mutation: When hurt, damage is shared between your
                  | health and your magic reserves. [demonic ancestry]
   198 | D:1      | Reached XP level 2. HP: 24/24 MP: 2/2
  1071 | D:2      | Gained mutation: You regenerate a little health from kills.
                  | [demonic ancestry]
  1071 | D:2      | Reached XP level 3. HP: 20/29 MP: 1/3
  1347 | D:2      | HP: 1/29 [adder (2)]
  1348 | D:2      | Succumbed to an adder's poison

Vault maps used:
D:1:      onia_arrival_mini_maze
D:2:      first_ration, uniq_terence

Skill      XL: |  1  2 |
---------------+-------+-----
Armour         | 3 |  3.1
Axes           | 2 |  2.4
Shields        | 3 |  3.1
Fighting       | |  3.4
Dodging        | |  0.2
Stealth        | |  0.1

Action                   || total
-------------------------++-------
Melee: War axe           ||   107
  Use: Potion            ||     3
  Eat: Chunk             ||     1
Armor: Scale mail        ||    20
       Leather armour    ||    23
Dodge: Dodged            ||    29
Block: Shield            ||    67

Table legend:
 A = Non-vault XP
 B = Vault XP
 C = Vault XP percentage of total XP
 D = Non-vault monster count
 E = Vault monster count
 F = Vault count percentage of total count
                 A         B        C        D         E       F
            +---------+---------+-------+---------+---------+-------
      Total |      89 |       0 |   0.0 |      29 |       0 |   0.0
            +---------+---------+-------+---------+---------+-------
        D:1 |      27 |       0 |   0.0 |      16 |       0 |   0.0
        D:2 |      62 |       0 |   0.0 |      13 |       0 |   0.0
            +---------+---------+-------+---------+---------+-------
